 Dungeon Crawl Stone Soup version 0.31-a0-165-g3f4f80340b (webtiles) character file.

Game seed: 4843191995569834401

229 qw the Shooter (level 6, -3/38 HPs)
             Began as a Gargoyle Hunter on June 13, 2023.
             Slain by a lemure (4 damage)
             ... led by Pikel
             ... on level 4 of the Dungeon.
             The game lasted 00:01:13 (2629 turns).

qw the Shooter (Gargoyle Hunter)                    Turns: 2629, Time: 00:01:14

Health: -3/38      AC: 13    Str: 18    XL:     6   Next: 3%
Magic:  0/6        EV: 11    Int: 10    God:
Gold:   144        SH:  0    Dex: 15    Spells: 5/5 levels left

rFire   . . .        Y - +0 shortbow
rCold   . . .        (shield currently unavailable)
rNeg    + + .        e - +0 ring mail
rPois   inf          (no helmet)
rElec   +            (no cloak)
rCorr   .            (no gloves)
SInv    .            (no boots)
Will    .....        b - amulet of guardian spirit
Stlth   +            a - +6 ring of strength
HPRegen 0.26/turn    i - ring of positive energy
MPRegen 0.10/turn

%: guardian spirit
@: no status effects
A: sickness immunity, AC +4, negative energy resistance 1, electricity
resistance, torment resistance 1, petrification resistance, iridescent scales 2,
weak 1
a: no special abilities


You were on level 4 of the Dungeon.
You visited 1 branch of the dungeon, and saw 4 of its levels.

You collected 144 gold pieces.


Innate Abilities, Weirdness & Mutations

You are immune to sickness and miasma.
Your stone body is resilient. (AC +4)
You are immune to poison.
You resist negative energy. (rN+)
You are resistant to electric shocks. (rElec)
You are resistant to unholy torment.
You are immune to petrification.
You are mostly covered in iridescent scales. (AC +4)
You are weak. (Str -2)


   Skills:
 - Level 4.2 Fighting
 + Level 6.0 Ranged Weapons
 - Level 1.0 Armour
 - Level 1.5 Dodging
 - Level 1.1 Stealth


You had 5 spell levels left.
You didn't know any spells.
Your spell library was empty.

Inventory:

Hand Weapons
 Y - a +0 shortbow (weapon)
Armour
 e - a +0 ring mail (worn)
Jewellery
 a - a +6 ring of strength (left hand)
 b - an amulet of guardian spirit (around neck)
 i - a ring of positive energy (right hand)
Scrolls
 c - a scroll of enchant weapon {unknown}
 l - a scroll of enchant armour {unknown}
Potions
 d - 3 potions of mutation
 f - a potion of attraction {unknown}
 g - a potion of heal wounds {unknown}
 h - a potion of curing {unknown}
 j - a potion of cancellation {unknown}
 k - a potion of resistance {unknown}

Dungeon Overview and Level Annotations

Branches:
Dungeon (4/15)
 Temple: D:4-7

Altars:
Kikubaaqudgha
Ru

Shops:
D:4 (


Message History

You shoot an arrow. The arrow hits the lemure.
The lemure is lightly wounded.
The lemure hits you but does no damage.
You shoot an arrow. The arrow hits the lemure.
The lemure is lightly wounded.
The lemure hits you but does no damage. The lemure barely misses you.
You shoot an arrow. The arrow barely misses the lemure.
The arrow hits the lemure.
The lemure is lightly wounded.
The lemure hits you but does no damage. x2
You shoot an arrow. The arrow hits the lemure!
The lemure is heavily wounded.
The lemure closely misses you. The lemure hits you.
The lemure closely misses you.
You shoot an arrow. The arrow closely misses the lemure.
The lemure hits you but does no damage. The lemure hits you.
The lemure closely misses you. x2; The lemure hits you but does no damage.
The lemure hits you.
You shoot an arrow. The arrow barely misses the lemure.
The lemure hits you! The lemure hits you. x2
You shoot an arrow. The arrow closely misses the lemure.
The lemure barely misses you.
The lemure hits you but does no damage. x2
You shoot an arrow. The arrow barely misses the lemure.
The lemure hits you but does no damage.
A lemure comes into view.
The lemure barely misses you. The lemure closely misses you.
You shoot an arrow. The arrow misses the lemure.
The arrow closely misses the lemure.
The lemure shouts!
You hear the brisk rusting of a drain.
The lemure hits you.
The lemure hits you but does no damage. x2
You shoot an arrow. The arrow hits the lemure.
The lemure is heavily wounded.
The lemure hits you but does no damage. The lemure hits you. x2
The lemure barely misses you. The lemure hits you! The lemure hits you.
You shoot an arrow.
The arrow hits the lemure but does no damage.
The lemure is heavily wounded.
The lemure hits you.
You die...

#'##.###....#.......
#......#....########
#..... #............
#####.....
#.....)......
...(.....#
#............
.........#
#....########
.........###....#
......5..##....)#
....5.5@........#
###
......5####.###.#
#.. .....+# ### #.#
#.. .... .# #.. ...
.# ##. .. #. . #. #.
#.


You could see 4 lemures.

Vanquished Creatures
  A bullfrog (D:4)
  An orc wizard (D:3)
  3 adders (D:3)
  3 worms (D:2)
  3 dart slugs
  15 orcs
  5 endoplasms
  2 giant cockroaches
  7 goblins
  6 hobgoblins
  9 jackals (D:1)
  5 kobolds
  2 quokkas
  10 ball pythons
  2 bats
  3 frilled lizards
  5 rats
82 creatures vanquished.

Notes
Turn   | Place    | Note
-------+----------+-------------------------------------------
     0 | D:1      | qw the Gargoyle Hunter began the quest for the Orb.
     0 | D:1      | Reached XP level 1. HP: 12/12 MP: 1/1
     0 | D:1      | 0 ||| qw: Version: 0.2-a-29-gc1b59c4
     0 | D:1      | 0 ||| qw: Game counter: 4800
     0 | D:1      | 0 ||| qw: Always use a shield: true
     0 | D:1      | 0 ||| qw: God list: Okawaru
     0 | D:1      | 0 ||| qw: Allow faded altars: false
     0 | D:1      | 0 ||| qw: Do Orc after D:15 true
     0 | D:1      | 0 ||| qw: Do second Lair branch before Depths: true
     0 | D:1      | 0 ||| qw: Lair rune preference: random
     0 | D:1      | 0 ||| qw: Plans: Normal, Zot:1-4, Slime:5, God:TSO, Crypt,
                  | Tomb, Abyss, Pan, Hells, Win
     0 | D:1      | 0 ||| PLANNING D:1-11
    45 | D:1      | Reached XP level 2. HP: 17/17 MP: 2/2
    54 | D:1      | HP: 4/17 [jackal (1)]
    59 | D:1      | HP: 2/17 [jackal (2)]
    65 | D:1      | HP: 2/17 [jackal (1)]
   317 | D:1      | Reached XP level 3. HP: 21/21 MP: 3/3
   358 | D:1      | Reached skill level 5 in Ranged Weapons
   727 | D:1      | 727 ||| DROPPING +6 ring of intelligence.
   728 | D:1      | 728 ||| DROPPING ring of wizardry.
   729 | D:1      | 729 ||| READING scroll labelled KENOUS WING.
   729 | D:1      | Identified a scroll of acquirement
   729 | D:1      | 729 ||| ACQUIRING +6 ring of strength
   729 | D:1      | Acquired a +6 ring of strength
   731 | D:1      | 731 ||| UPGRADING to +6 ring of strength.
   732 | D:1      | 732 ||| DROPPING scroll of butterflies.
   922 | D:2      | 922 ||| Stepping ~*~*~tactically~*~*~ (outnumbered).
   930 | D:2      | Reached skill level 3 in Fighting
  1041 | D:2      | You fall into a shaft and drop 1 floor!
  1079 | D:3      | Reached XP level 4. HP: 25/28 MP: 4/4
  1112 | D:3      | 1112 ||| UPGRADING to amulet of guardian spirit.
  1117 | D:3      | 1117 ||| UPGRADING to ring of positive energy.
  1118 | D:3      | 1118 ||| READING scroll labelled ICAGHEI PUITEFF.
  1119 | D:3      | 1119 ||| READING scroll labelled BIOVEE OGIASTRA.
  1120 | D:3      | 1120 ||| READING scroll labelled AZIFRE UGORIVA.
  1121 | D:3      | 1121 ||| DRINKING 2 bubbling green potions.
  1121 | D:3      | Gained mutation: You are partially covered in iridescent
                  | scales. (AC +2) [potion of mutation]
  1121 | D:3      | Gained mutation: You are weak. (Str -2) [potion of
                  | mutation]
  1121 | D:3      | Gained mutation: You are mostly covered in iridescent
                  | scales. (AC +4) [potion of mutation]
  1129 | D:3      | 1129 ||| STAIRDANCE
  1391 | D:2      | Found a sacrificial altar of Ru.
  1478 | D:2      | 1478 ||| UPGRADING to +0 ring mail.
  1488 | D:2      | 1488 ||| DROPPING +0 leather armour.
  1556 | D:3      | Found an ancient bone altar of Kikubaaqudgha.
  1642 | D:3      | Reached skill level 1 in Armour
  1707 | D:3      | Identified the +8 falchion of the Ten Bones {heavy, rC+
                  | Str+2}
  1799 | D:3      | Reached XP level 5. HP: 23/32 MP: 2/5
  1960 | D:3      | Reached skill level 6 in Ranged Weapons
  2177 | D:4      | 2177 ||| PLANNING SEWER
  2190 | D:4      | Found Rafuryru's Weapon Boutique.
  2427 | D:4      | Reached XP level 6. HP: 30/38 MP: 3/6
  2628 | D:4      | HP: 4/38 [lemure[Pikel] (6)]
  2628 | D:4      | HP: 1/38 [lemure[Pikel] (3)]
  2629 | D:4      | Slain by a lemure

Levels and vault maps discovered:
D:1:      grunt_arrival_crossed_arrows, layout_loops_ring
D:2:      layout_basic, basic_altar, reono_crystal_passage
D:3:      layout_loops_ring, kiku_gazebo_pond_becter
D:4:      layout_basic, serial_shops, shop, gup_sewer_entry_bowl, nrook_uturn,
          uniq_pikel

Skill      XL: |  1  2  3  4  5 |
---------------+----------------+-----
Ranged Weapons | 5 6 |  6.0
Fighting       | 3 4 |  4.2
Armour         | 1 |  1.0
Dodging        | |  1.5
Stealth        | |  1.1

Action                     |  1- 3 |  4- 6 || total
---------------------------+-------+-------++-------
   Fire: Shortbow          |   145 |   161 ||   306
    Use: Scroll            |     1 |     3 ||     4
         Potion            |       |     1 ||     1
 Armour: Leather armour    |    47 |     1 ||    48
         Ring mail         |       |    50 ||    50
  Dodge: Dodged            |    68 |    43 ||   111

Table legend:
 A = Non-vault XP
 B = Vault XP
 C = Vault XP percentage of total XP
 D = Non-vault monster count
 E = Vault monster count
 F = Vault count percentage of total count
                 A         B        C        D         E       F
            +---------+---------+-------+---------+---------+-------
      Total |     328 |       0 |   0.0 |      82 |       0 |   0.0
            +---------+---------+-------+---------+---------+-------
        D:1 |      57 |       0 |   0.0 |      31 |       0 |   0.0
        D:2 |      40 |       0 |   0.0 |      17 |       0 |   0.0
        D:3 |     133 |       0 |   0.0 |      28 |       0 |   0.0
        D:4 |      98 |       0 |   0.0 |       6 |       0 |   0.0
            +---------+---------+-------+---------+---------+-------
